 Dungeon Crawl Stone Soup version 0.30-a0-782-ge64f9170bb (webtiles) character file.

Game seed: 15430029470237014740

80 HoaS the Shooter (level 3, -3/29 HPs)
             Began as a Demigod Hunter on Mar 5, 2023.
             Slain by a wight
             ... wielding a +2 long sword of freezing
              (10 damage)
             ... on level 6 of the Dungeon.
             The game lasted 00:05:10 (2427 turns).

HoaS the Shooter (Demigod Hunter)                   Turns: 2427, Time: 00:05:10

Health: -3/29      AC:  4    Str: 12    XL:     3   Next: 98%
Magic:  5/5        EV: 12    Int: 11    God:
Gold:   131        SH:  0    Dex: 21    Spells: 2/2 levels left

rFire   . . .      SeeInvis .    a - +0 shortbow
rCold   . . .      Faith    .    (shield currently unavailable)
rNeg    . . .      Spirit   .    i - +1 robe {Will+}
rPois   .          Reflect  .    (no helmet)
rElec   .          Harm     .    (no cloak)
rCorr   .          Rampage  .    h - +0 pair of gloves
Will    +....                    (no boots)
Stlth   ++                       (no amulet)
HPRegen 0.24/turn                (no ring)
MPRegen 0.09/turn                (no ring)

@: no status effects
A: high MP 1, forlorn, divine attributes
a: no special abilities


You were on level 6 of the Dungeon.
You visited 1 branch of the dungeon, and saw 4 of its levels.

You collected 131 gold pieces.

Inventory:

Hand Weapons
 a - a +0 shortbow (weapon)
Missiles
 e - 2 throwing nets
Armour
 h - a +0 pair of gloves (worn)
 i - a +1 robe of willpower (worn)
Scrolls
 b - a scroll of immolation
 f - a scroll of fog
Potions
 c - 2 potions of curing {unknown}
 d - a potion of berserk rage {unknown}
 g - a potion of haste {unknown}
 j - a potion of flight {unknown}
 k - a potion of invisibility {unknown}
 l - a potion of lignification {unknown}


   Skills:
 - Level 1.7 Fighting
 + Level 5.2 Ranged Weapons
 - Level 1.7 Dodging
 - Level 0.8 Stealth


You had 2 spell levels left.
You didn't know any spells.
Your spell library contained the following spells:

 Spells                   Type           Power      Damage    Failure   Level
 Kindle Blastsparks       Fire/Tloc/Air  0%         2d10      71%         3
 Fulminant Prism          Conj/Hex       0%         3d5       98%         4
 Iskenderun's Mystic Bla  Conj/Tloc      0%         2d3       98%         4
 Lee's Rapid Deconstruct  Erth           0%         3d4*      100%        5


Dungeon Overview and Level Annotations

Branches:
Dungeon (3/15)

Shops:
D:1 [


Innate Abilities, Weirdness & Mutations

You have an increased reservoir of magic. (+10% MP)
You shall have no god before yourself.
Your divine heritage dramatically boosts your attributes as you level up.


Message History

c - a potion of might
Found a shadowy altar of Dithmenos.
You drop a potion of might.
c - 2 fuming red potions
Found 4 poisoned darts.
j - a white potion 2 wights come into view.
A wight is wielding a +2 long sword of freezing.
Found a scroll labelled LORROT ABLEF.
You shoot an arrow. The arrow hits the wight.
The wight is lightly damaged.
A wight comes into view. It is wielding a +0 mace.
You shoot an arrow. The arrow hits the wight.
The wight is moderately damaged.
You shoot an arrow. The arrow barely misses the wight.
You shoot an arrow.
The arrow hits the wight but does no damage.
The wight is moderately damaged.
You shoot an arrow. The arrow closely misses the wight.
The wight closely misses you.
You shoot an arrow. The arrow closely misses the wight.
The wight closely misses you. The wight barely misses you.
You shoot an arrow.
The arrow hits the wight but does no damage.
The wight is moderately damaged.
The wight barely misses you.
You shoot an arrow. The arrow hits the wight.
The wight is heavily damaged.
The wight hits you with a +2 long sword of freezing!
The wight freezes you.
You shoot an arrow. The arrow hits the wight.
The wight is almost destroyed.
The wight hits you with a +2 long sword of freezing.
The wight freezes you.
* * * LOW HITPOINT WARNING * * *
You shoot an arrow.
The arrow hits the wight but does no damage.
The wight is almost destroyed.
The wight hits you with a +2 long sword of freezing!
You die...

#.......####....#
##.........#.....
##....#.....###...
#..........# .#
##...###..## #
#....###...#
##...##....#
##.####.z.# ###
##@## ###


You could see a wight.

Vanquished Creatures
  3 gnolls
  A shadow imp (D:6)
  2 orcs
  A ball python (D:2)
  3 endoplasms
  A hobgoblin (D:2)
  6 jackals (D:1)
  6 kobolds
  5 bats
  3 frilled lizards (D:1)
  5 goblins
  3 rats
39 creatures vanquished.

Notes
Turn   | Place    | Note
-------+----------+-------------------------------------------
     0 | D:1      | HoaS the Demigod Hunter began the quest for the Orb.
     0 | D:1      | Reached XP level 1. HP: 17/17 MP: 3/3
   168 | D:1      | Reached skill level 4 in Ranged Weapons
   423 | D:1      | Reached XP level 2. HP: 24/24 MP: 4/4
   477 | D:1      | Found Boadih's Antique Armour Shop.
   835 | D:2      | HP: 1/24 [gnoll/+0 spear (4)]
   934 | D:2      | Reached XP level 3. HP: 18/29 MP: 5/5
  1096 | D:2      | Reached skill level 5 in Ranged Weapons
  2205 | D:3      | You fall into a shaft and drop 3 floors!
  2379 | D:6      | Noticed a wight
  2379 | D:6      | Noticed a wight
  2380 | D:6      | Noticed a wight
  2427 | D:6      | Slain by a wight

Illustrated notes

Levels and vault maps discovered:
D:1:      shiori_shiawase, layout_basic, serial_shops, shop, nrook_campfire
D:2:      layout_loops_cross
D:3:      layout_basic, nicolae_tso_carved_into_rock, minivault_24,
          kennysheep_boxes
D:6:      layout_cave_pools, mainiacjoe_overflow_boulevard,
          kennysheep_orc_sif_temple

Skill      XL: |  1  2  3 |
---------------+----------+-----
Ranged Weapons | 4 5 |  5.2
Fighting       | |  1.7
Dodging        | |  1.7
Stealth        | |  0.8

Action                     || total
---------------------------++-------
   Fire: Shortbow          ||   118
    Use: Scroll            ||     8
 Armour: Leather armour    ||    13
         Robe              ||     1
  Dodge: Dodged            ||    49

Table legend: (Time is in decaauts)
 A = Elapsed time spent in this place.
 B = Non-inter-level travel time spent in this place.
 C = Inter-level travel time spent in this place.
 D = Time resting spent in this place.
 E = Time spent auto-exploring this place.
 F = Levels seen in this place.
 G = Mean time per level.
                   A        B        C        D        E       F      G
               +--------+--------+--------+--------+--------+-----+--------+
         Total |   2469 |   2442 |     27 |    477 |   1583 |   4 |  617.2 |
       Dungeon |   2469 |   2442 |     27 |    477 |   1583 |   4 |  617.2 |
               +--------+--------+--------+--------+--------+-----+--------+

Top non-repeatable levels by time:
     D:1: 1083 daAuts
     D:2: 679 daAuts
     D:3: 481 daAuts
     D:6: 224 daAuts
